 Dungeon Crawl Stone Soup version 0.27-a0-1280-g9d2d252d84 (webtiles) character file.

Game seed: 1383743814503037737

483 Glokmah the Chucker (level 6, 0/61 HPs)
             Began as a Troll Hunter on June 13, 2021.
             Killed from afar by a white imp (11 damage)
             ... with a puff of frost
             ... on level 4 of the Dungeon.
             The game lasted 00:08:27 (3448 turns).

Glokmah the Chucker (Troll Hunter)                  Turns: 3448, Time: 00:08:28

Health: 0/61       AC:  5    Str: 21    XL:     6   Next: 88%
Magic:  5/5        EV: 14    Int:  7    God:
Gold:   127        SH:  0    Dex: 12    Spells: 5/5 levels left

rFire    . . .     SeeInvis .   (no weapon)
rCold    . . .     Faith    .   (no shield)
rNeg     . . .     Spirit   .   b - +1 robe
rPois    .         Reflect  .   (helmet restricted)
rElec    .         Harm     .   (no cloak)
rCorr    .         Rampage  .   (gloves unavailable)
Will     .....                  (boots unavailable)
Stlth    +.........             (no amulet)
HPRegen  1.20/turn              g - +4 ring of evasion
MPRegen  0.09/turn              (no ring)

@: no status effects
A: large, unfitting armour, claws 3, regeneration 1, shaggy fur 1, tough skin 1
a: no special abilities


You were on level 4 of the Dungeon.
You visited 2 branches of the dungeon, and saw 6 of its levels.

You collected 127 gold pieces.

Inventory:

Missiles
 j - 99 stones (quivered)
 o - 9 poisoned darts
Armour
 b - a +1 robe (worn)
Jewellery
 g - a +4 ring of evasion (left claw)
 p - a ring of fire
Scrolls
 e - a scroll of fog {unknown}
 f - a scroll of amnesia
 h - a scroll of teleportation
 i - a scroll of enchant armour
 k - 2 scrolls of identify
Potions
 a - a potion of attraction
 l - a potion of haste {unknown}
 m - a potion of might {unknown}
 n - a potion of curing {unknown}
 r - a potion of heal wounds {unknown}
 s - a potion of flight {unknown}


   Skills:
 + Level 3.0 Fighting
 * Level 3.1 Maces & Flails
 * Level 5.4 Throwing
 + Level 2.9 Dodging
 - Level 0.3 Stealth


You had 5 spell levels left.
You didn't know any spells.
Your spell library was empty.

Dungeon Overview and Level Annotations

Branches:
Dungeon (5/15)             Temple (1/1) D:4

Altars:
Dithmenos
Elyvilon
Hepliaklqana
Kikubaaqudgha
Makhleb
Nemelex Xobeh
Qazlal
Ru
Trog
Vehumet
Wu Jian
Xom
Zin

Shops:
D:1 =   D:3 (?*?[   D:4 (:

Annotations:
D:5 Dowan, Duvessa


Innate Abilities, Weirdness & Mutations

You are too large for most types of armour.
You have claws for hands.
Your natural rate of healing is unusually fast.
You are covered in fur. (AC +1)
You have tough skin. (AC +1)


Message History

Throw: large rock
Press: ? - help, Q - select action, (/) - cycle Shift-Dir - straight line, f/p - Duvessa
Aim: Duvessa, wielding a +0 short sword and wearing a +0 leather armour (heavily wounded, 64% to hit)
You throw a large rock. The large rock closely misses Duvessa.
The white imp misses you. Duvessa hits you with a +0 short sword!
The white imp lashes its tail.
The white imp hits you. The white imp freezes you.
* * * LOW HITPOINT WARNING * * *
Duvessa hits you with a +0 short sword.
* * * LOW HITPOINT WARNING * * *
Throw: 2 throwing nets
Press: ? - help, Q - select action, (/) - cycle Shift-Dir - straight line, f/p - Duvessa
Aim: Duvessa, wielding a +0 short sword and wearing a +0 leather armour (heavily wounded, 64% to hit)
You throw a throwing net. The throwing net barely misses Duvessa.
Dowan says, "Magic and the sword, together, will defeat you."
The white imp misses you.
Throw: throwing net
Press: ? - help, Q - select action, (/) - cycle Shift-Dir - straight line, f/p - Duvessa
Aim: Duvessa, wielding a +0 short sword and wearing a +0 leather armour (heavily wounded, 64% to hit)
You throw a throwing net. The throwing net hits Duvessa.
Duvessa is caught in the net!
Duvessa is heavily wounded.
Duvessa struggles against the net.
The white imp closely misses you.
Duvessa struggles against the net.
You climb upwards.
There is a stone staircase leading down here.
You closely miss the white imp.
The white imp is heavily wounded.
The white imp lashes its tail.
The white imp gestures at you. The puff of frost hits you!
* * * LOW HITPOINT WARNING * * *
You scratch the white imp.
The white imp is severely wounded.
The white imp closely misses you.
You closely miss the white imp.
The white imp is severely wounded.
The white imp gestures at you. The puff of frost hits you!
You die...

#............#..........>....
#....##......#...............
#....##......##..............
#....##......###...#...#.....
#######.....[......#####.....
####.......#.###.......<...
#####....#.....#........####...
#......###<....#######.....))..
#......###....@#######.##....##
#.............5........#####..[
#......################# ####
#......# ########


You could see a white imp.

Vanquished Creatures
  A water moccasin (D:4)
  A necrophage (D:4)
  2 scorpions (D:4)
  2 hounds
  A hound skeleton (D:4)
  2 adders
  A worm (D:2)
  3 dart slugs
  4 orcs
  7 ball pythons
  6 endoplasms
  3 giant cockroaches
  7 hobgoblins
  4 jackals (D:3)
  5 kobolds
  2 quokkas (D:4)
  4 bats
  4 frilled lizards
  5 goblins
  7 rats
71 creatures vanquished.

Vanquished Creatures (collateral kills)
  An ufetubus (D:5)
  An orc (D:5)
2 creatures vanquished.

Grand Total: 73 creatures vanquished

Notes
Turn   | Place    | Note
-------+----------+-------------------------------------------
     0 | D:1      | Glokmah the Troll Hunter began the quest for the Orb.
     0 | D:1      | Reached XP level 1. HP: 19/19 MP: 0/0
    77 | D:1      | Found Meosm's Jewellery Shoppe.
   350 | D:1      | Reached XP level 2. HP: 28/28 MP: 1/1
   829 | D:1      | Reached skill level 4 in Throwing
  1229 | D:2      | Reached XP level 3. HP: 35/35 MP: 2/2
  2048 | D:3      | Found Oludd's Magic Scroll Shoppe.
  2123 | D:3      | Found Biunt's Magic Scroll Shoppe.
  2152 | D:3      | Found Boah's Antique Armour Boutique.
  2268 | D:3      | Reached XP level 4. HP: 42/42 MP: 3/3
  2333 | D:3      | Reached skill level 1 in Maces & Flails
  2355 | D:3      | Found Dasunix's Assorted Antiques.
  2475 | D:3      | Found Ihaelaub's Antique Weapon Shop.
  2691 | D:4      | Noticed a necrophage
  2719 | D:3      | Reached XP level 5. HP: 50/50 MP: 4/4
  2741 | D:4      | Found Doifo's Book Emporium.
  2889 | D:4      | Found Fuum's Antique Weapon Shop.
  2947 | D:4      | Found a staircase to the Ecumenical Temple.
  3007 | D:4      | Reached skill level 5 in Throwing
  3007 | D:4      | Reached XP level 6. HP: 32/59 MP: 5/5
  3106 | Temple   | Entered the Ecumenical Temple
  3252 | D:5      | Entered Level 5 of the Dungeon
  3312 | D:5      | Noticed a water moccasin
  3340 | D:4      | Killed a water moccasin
  3416 | D:5      | Noticed Duvessa
  3416 | D:5      | Noticed Dowan
  3448 | D:4      | Killed from afar by a white imp

Illustrated notes

Levels and vault maps discovered:
D:1:      scummos_arrival_gate, layout_basic, serial_shops,
          nicolae_shop_waterfront
D:2:      layout_basic, minmay_tiny_reverse_x
D:3:      layout_rooms, serial_shops, nicolae_shop_statue_plus, shop_fountains,
          shop, shop, nicolae_shop_behind_doors
D:4:      layout_rooms, minmay_temple_entry_large_hall, serial_shops,
          kennysheep_mini_moat, shop
D:5:      layout_rooms, lemuel_coloured_pillars_altar,
          gammafunk_temple_overflow_statue, uniq_eustachio, uniq_duvessa
Temple:   nicolae_temple_god_jail

Skill      XL: |  1  2  3  4  5  6 |
---------------+-------------------+-----
Throwing       | 4 5 |  5.4
Dodging        | 2 |  2.9
Fighting       | 2 3 |  3.0
Maces & Flails | 1 2 3 |  3.1
Stealth        | |  0.3

Action                   |  1- 3 |  4- 6 || total
-------------------------+-------+-------++-------
Melee: Unarmed           |   159 |   127 ||   286
Throw: Dart              |       |     9 ||     9
       Large rock        |       |     5 ||     5
       Throwing net      |       |     2 ||     2
  Use: Scroll            |       |     9 ||     9
 Stab: Sleeping          |     1 |       ||     1
Armor: Robe              |    46 |    37 ||    83
Dodge: Dodged            |   116 |   130 ||   246

Table legend: (Time is in decaauts)
 A = Elapsed time spent in this place.
 B = Non-inter-level travel time spent in this place.
 C = Inter-level travel time spent in this place.
 D = Time resting spent in this place.
 E = Time spent auto-exploring this place.
 F = Levels seen in this place.
 G = Mean time per level.
                   A        B        C        D        E       F      G
               +--------+--------+--------+--------+--------+-----+--------+
         Total |   3457 |   2991 |    466 |     63 |   2044 |   6 |  576.2 |
       Dungeon |   3410 |   2954 |    456 |     63 |   2010 |   5 |  682.0 |
        Temple |     47 |     37 |     10 |      0 |     34 |   1 |   47.0 |
               +--------+--------+--------+--------+--------+-----+--------+

Top non-repeatable levels by time:
     D:2: 1076 daAuts
     D:1: 998 daAuts
     D:4: 610 daAuts
     D:3: 610 daAuts
     D:5: 114 daAuts
  Temple: 47 daAuts
